 Dungeon Crawl Stone Soup version 0.30.1-11-g7821555f0a (webtiles) character file.

Game seed: 12630310457290632297

1777 eliilek the Basher (level 8, -1/75 HPs)
             Began as a Minotaur Fighter on Oct 29, 2023.
             Was an Initiate of Ru.
             Killed by divine providence
             ... invoked by an orc priest
              (11 damage)
             ... on level 7 of the Dungeon.
             The game lasted 00:09:44 (4925 turns).

eliilek the Basher (Minotaur Fighter)               Turns: 4925, Time: 00:09:44

Health: -1/75      AC: 13    Str: 21    XL:     8   Next: 81%
Magic:  0/7        EV: 10    Int:  5    God:    Ru [......]
Gold:   262        SH:  4    Dex: 12    Spells: 7/7 levels left

rFire   + . .        a - +2 whip (venom)
rCold   . . .        c - +0 buckler
rNeg    . . .        v - +0 plate armour
rPois   .            (helmet restricted)
rElec   .            i - +0 cloak
rCorr   .            (no gloves)
SInv    .            q - +0 pair of boots
Will    .....        k - amulet of guardian spirit Stlth
                     s - +5 ring of evasion
HPRegen 0.32/turn    t - ring of protection from fire
MPRegen 0.10/turn

%: guardian spirit
@: no status effects
A: horns 2, retaliatory headbutt
a: Renounce Religion


You were on level 7 of the Dungeon.
You worshipped Ru.
Ru was noncommittal.
You visited 2 branches of the dungeon, and saw 8 of its levels.

You collected 262 gold pieces.

Inventory:

Hand Weapons
 a - a +2 whip of venom (weapon)
Missiles
 w - 2 poisoned darts (quivered)
Armour
 c - a +0 buckler (worn)
 i - a +0 cloak (worn)
 q - a +0 pair of boots (worn)
 v - a +0 plate armour (worn)
Jewellery
 d - a ring of flight
 k - an amulet of guardian spirit (around neck)
 s - a +5 ring of evasion (left hand)
 t - a ring of protection from fire (right hand)
Wands
 m - a wand of polymorph (18)
Scrolls
 e - 5 scrolls of identify
 f - 2 scrolls of butterflies {unknown}
 h - 2 scrolls of enchant weapon {unknown}
 l - a scroll of fog {unknown}
 p - 2 scrolls of vulnerability {unknown}
 r - a scroll of fear {unknown}
 y - a scroll of magic mapping {unknown}
 A - 2 scrolls of poison
 B - a scroll of noise {unknown}
Potions
 b - 3 potions of lignification {unknown}
 g - 2 potions of degeneration {unknown}
 j - 5 potions of heal wounds {unknown}
 n - 3 potions of curing {unknown}
 o - a potion of magic {unknown}
 u - 2 potions of attraction {unknown}
 x - 2 potions of haste {unknown}
 z - a potion of flight {unknown}
 C - a potion of might


   Skills:
 + Level 8.7 Fighting
 * Level 11.3 Maces & Flails
 - Level 3.6 Armour
 - Level 3.6 Shields


You had 7 spell levels left.
You didn't know any spells.
Your spell library contained the following spells:

 Spells                   Type           Power      Damage    Failure   Level
 Poisonous Vapours        Pois/Air       0%         N/A       100%        2
 Hailstorm                Conj/Ice       0%         3d3       100%        3
 Mephitic Cloud           Conj/Pois/Air  0%         N/A       100%        3
 Spider Form              Tmut/Pois      0%         N/A       100%        3
 Stone Arrow              Conj/Erth      0%         3d7       100%        3
 Ice Form                 Ice/Tmut       0%         N/A       100%        4
 Freezing Cloud           Conj/Ice/Air   0%         6-21      100%        5
 Simulacrum               Ice/Necr       0%         N/A       100%        6
 Starburst                Conj/Fire      0%         6d3       100%        6
 Lehudib's Crystal Spear  Conj/Erth      0%         10d2      100%        8


Dungeon Overview and Level Annotations

Branches:
Dungeon (7/15)             Temple (1/1) D:5

Altars:
Ashenzari
Cheibriados
Dithmenos
Elyvilon
Fedhas
Gozag
Hepliaklqana
Kikubaaqudgha
Makhleb
Nemelex Xobeh
Okawaru
Ru
Uskayaw
Vehumet
Wu Jian
Xom
Yredelemnul
Zin
The Shining One

Annotations:
D:7 Joseph, Menkaure


Innate Abilities, Weirdness & Mutations

You have a pair of horns on your head.
You reflexively headbutt those who attack you in melee.


Message History

The gnoll closely misses you.
You closely miss Sigmund.
Sigmund is lightly wounded.
Sigmund hits you with a +0 scythe!
You hit Sigmund but do no damage.
Sigmund is poisoned.
Sigmund is lightly wounded.
The gnoll hits you but does no damage. The gnoll barely misses you.
The gnoll hits you but does no damage.
You whack Sigmund!
Sigmund looks as sick as possible!
Sigmund is moderately wounded.
The gnoll attacks as you move away! The gnoll hits you with a +0 scythe.
The gnoll attacks as you move away! The gnoll hits you with a +3 scythe!
Sigmund barely misses you.
The gnoll hits you from afar with a +3 scythe!
* * * LOW HITPOINT WARNING * * *
The gnoll misses you. You block the gnoll's attack.
You kill the gnoll!
Your Maces & Flails skill increases to level 11!
Sigmund's eyes start glowing with a red light.
Sigmund casts a spell at you. The magic dart hits you!
* * * LOW HITPOINT WARNING * * *
You kill Sigmund!
There is a stone staircase leading down here.
The gnoll barely misses you.
You climb downwards.
The bullfrog gives a loud, deep croak!
The water moccasin hisses angrily.
Menkaure shouts!
Joseph shouts!
The orc wizard shouts!
The orc shouts!
Found 5 stones and 53 gold pieces.
Found a stone staircase leading up.
There is a stone staircase leading up here.
Unknown command.
As you read the scroll labelled XIKHLIU WUCZAEL, it crumbles to dust.
It is a scroll of identify.
A - 2 scrolls of poison Joseph sighs, "Being a guard is usually so boring..."
The orc wizard hits you but does no damage.
The orc priest calls down the wrath of Beogh upon you.
Beogh smites you!
You die...

#######
##.....##
##.......#..#
#....@oo.....
#(♣...F.♣..##
#......o$..
......♣S♣o@.$#
.##..........#
..^♣...M.♣..#
.#... .<.
....# $.
....... ..#


You could see Joseph, a water moccasin, Menkaure, a bullfrog, an orc priest, 2
orc wizards and an orc.

Vanquished Creatures
  Sigmund (D:6)
  A water moccasin (D:5)
  A black bear (D:5)
  A sky beast (D:6)
  2 centaurs (D:5)
  4 phantoms
  3 scorpions (D:5)
  4 wights
  2 orc priests
  2 hounds (D:5)
  Crazy Yiuf (D:3)
  A sleepcap (D:6)
  Natasha (thrice) (D:3)
  3 iguanas
  5 adders
  4 gnolls
  A white imp (D:5)
  A worm (D:5)
  A dart slug (D:2)
  9 orcs
  5 ball pythons
  5 bats
  4 endoplasms
  3 goblins
  7 hobgoblins
  4 jackals (D:1)
  5 kobolds
  4 quokkas
  2 frilled lizards (D:2)
  3 rats
92 creatures vanquished.

Notes
Turn   | Place    | Note
-------+----------+-------------------------------------------
     0 | D:1      | eliilek the Minotaur Fighter began the quest for the Orb.
     0 | D:1      | Reached XP level 1. HP: 19/19 MP: 0/0
   229 | D:1      | Reached skill level 3 in Maces & Flails
   232 | D:1      | Reached XP level 2. HP: 27/27 MP: 1/1
   647 | D:2      | Reached XP level 3. HP: 33/33 MP: 2/2
   734 | D:2      | Reached skill level 4 in Maces & Flails
  1610 | D:3      | Reached XP level 4. HP: 41/41 MP: 3/3
  1729 | D:3      | Found a radiant altar of Vehumet.
  1806 | D:3      | Noticed Natasha
  1812 | D:3      | Killed Natasha
  1859 | D:3      | Noticed Natasha
  1864 | D:3      | Killed Natasha
  1865 | D:3      | Reached skill level 5 in Maces & Flails
  1878 | D:3      | Reached skill level 5 in Fighting
  1878 | D:3      | Reached XP level 5. HP: 40/48 MP: 2/4
  1936 | D:3      | Noticed Natasha
  1941 | D:3      | Killed Natasha
  2029 | D:3      | Found a runed translucent door.
  2030 | D:3      | Noticed Crazy Yiuf
  2037 | D:3      | Killed Crazy Yiuf
  2038 | D:3      | Reached skill level 6 in Maces & Flails
  2297 | D:4      | Noticed a phantom
  2320 | D:4      | Killed a phantom
  2321 | D:4      | Reached XP level 6. HP: 46/56 MP: 5/5
  3164 | D:5      | Entered Level 5 of the Dungeon
  3194 | D:5      | Got the Folio of Gross Conjuring
  3371 | D:5      | Reached skill level 7 in Maces & Flails
  3384 | D:5      | Reached XP level 7. HP: 47/63 MP: 4/6
  3448 | D:5      | Found a staircase to the Ecumenical Temple.
  3471 | Temple   | Entered the Ecumenical Temple
  3709 | D:5      | Reached skill level 8 in Maces & Flails
  3928 | D:5      | Reached skill level 9 in Maces & Flails
  3932 | D:5      | Found a hazy altar of Hepliaklqana.
  4001 | D:5      | Found a sacrificial altar of Ru.
  4001 | D:5      | Found a blossoming altar of Fedhas.
  4009 | D:5      | Found an iron altar of Okawaru.
  4011 | D:5      | Found a snail-covered altar of Cheibriados.
  4013 | D:5      | Found a sparkling altar of Nemelex Xobeh.
  4016 | D:5      | Identified the staff of cold "Leuqe" {rC+ Int+5}
  4201 | D:5      | Became a worshipper of Ru the Awakened
  4248 | D:5      | Reached XP level 8. HP: 43/73 MP: 3/7
  4475 | D:5      | Reached skill level 10 in Maces & Flails
  4891 | D:6      | Noticed Sigmund
  4907 | D:6      | Reached skill level 11 in Maces & Flails
  4912 | D:6      | Killed Sigmund
  4924 | D:7      | Noticed Menkaure
  4924 | D:7      | Noticed Joseph
  4925 | D:7      | Killed from afar by an orc priest

Illustrated notes

Levels and vault maps discovered:
D:1:      moated_graveyard_arrival, layout_basic
D:2:      layout_basic
D:3:      layout_loops_cross, vehumet_crystals, uniq_natasha,
          uniq_crazy_yiuf_cottage
D:4:      layout_loops_corners
D:5:      layout_loops_ring, chequers_temple_overflow_minitemple,
          old_standard_altar, minmay_temple_entry_grid
D:6:      layout_loops_ring, nzn_overflow_gifts_of_might_and_magic, sigmund_army
D:7:      layout_loops_ring, lemuel_crystal_altar, grunt_ministairs_10,
          uniq_menkaure, uniq_joseph
Temple:   chequers_temple_sunken

Skill      XL: |  1  2  3  4  5  6  7  8 |
---------------+-------------------------+-----
Maces & Flails | 3 4 5 6 7 9 11 | 11.3
Fighting       | 4 5 6 7 8 |  8.7
Armour         | |  3.6
Shields        | |  3.6

Action                     |  1- 3 |  4- 6 |  7- 9 || total
---------------------------+-------+-------+-------++-------
  Melee: Flail             |    89 |     2 |       ||    91
         Headbutt          |    17 |    12 |    24 ||    53
         Whip              |       |    80 |   144 ||   224
    Use: Potion            |       |     1 |       ||     1
         Scroll            |       |       |     1 ||     1
   Stab: Sleeping          |       |     1 |       ||     1
 Armour: Scale mail        |    40 |     9 |       ||    49
         Plate armour      |       |    14 |    64 ||    78
  Dodge: Dodged            |    50 |    27 |    56 ||   133
  Block: Buckler           |    33 |    14 |    29 ||    76
